 Dungeon Crawl Stone Soup version 0.22-a0-422-g9628fc87f1 (webtiles) character file.

61 RedPan the Magician (level 3, -2/24 HPs)
             Began as a Mummy Fire Elementalist on May 23, 2018.
             Slain by a kobold
             ... wielding a +1 dagger of electrocution
              (14 damage)
             ... on level 2 of the Dungeon.
             The game lasted 00:03:53 (1773 turns).

RedPan the Magician (Mummy Fire Elementalist)       Turns: 1773, Time: 00:03:54

Health: -2/24      AC:  2    Str: 11    XL:     3   Next: 83%
Magic:  7/7        EV: 12    Int: 15    God:
Gold:   53         SH:  0    Dex: 12    Spells: 2/8 levels left

rFire    x . .     SeeInvis .   f - +4 dagger
rCold    + . .     Gourm    .   (no shield)
rNeg     + + +     Faith    .   a - +0 robe
rPois    ∞         Spirit   .   (no helmet)
rElec    .         Reflect  .   (no cloak)
rCorr    .         Harm     .   (no gloves)
MR       .....                  (no boots)
Stlth    ++........             c - amulet of magic regeneration
HPRegen  0.08/turn              (no ring)
MPRegen  0.35/turn              (no ring)

@: no status effects
A: no food or potions, fire vulnerability, cold resistance 1, negative energy
resistance 3, torment resistance, unbreathing
a: no special abilities


You were on level 2 of the Dungeon.
You were not hungry.

You visited 1 branch of the dungeon, and saw 2 of its levels.

You collected 53 gold pieces.

Inventory:

Hand Weapons
 f - a +4 dagger (weapon)
Armour
 a - a +0 robe (worn)
 i - a +0 helmet
Jewellery
 c - an amulet of magic regeneration (around neck)
Scrolls
 b - a scroll of immolation {unknown}
 d - a scroll of amnesia {unknown}
 e - 6 scrolls of identify {unknown}
 g - a scroll of enchant weapon {unknown}
 h - a scroll of remove curse {unknown}


   Skills:
 + Level 2.0 Dodging
 - Level 1.5 Stealth
 + Level 3.3 Spellcasting
 * Level 1.7 Conjurations
 * Level 3.0 Fire Magic


You had 2 spell levels left.
You knew the following spells:

 Your Spells              Type           Power        Failure   Level  Hunger
a - Flame Tongue          Conj/Fire      #....        8%          1    N/A
b - Throw Flame           Conj/Fire      #.....       11%         2    N/A
c - Conjure Flame         Conj/Fire      #.......     22%         3    N/A

Your spell library contained the following spells:

 Spells                   Type           Power        Failure   Level  Hunger
 Fireball                 Conj/Fire      #.........   90%         5    N/A
 Sticky Flame             Conj/Fire      #.......     58%         4    N/A
 Inner Flame              Hex/Fire       #.......     30%         3    N/A

Dungeon Overview and Level Annotations

Branches:
Dungeon (2/15)

Altars:


Innate Abilities, Weirdness & Mutations

You do not eat or drink.
Your flesh is vulnerable to fire.
You are immune to poison.
Your flesh is cold resistant. (rC+)
You are immune to negative energy. (rN+++)
You are immune to unholy pain and torment.
You can survive without breathing.


Message History

You kill the worm!
Casting: Flame Tongue (safe; 8% risk of failure)
Confirm with . or Enter, or press ? or * to list all spells.
You can't see any susceptible monsters within range! (Use Z to cast anyway.)
Found a helmet.
You see here a worm corpse.
You can't eat.
You start resting.
Magic restored.
You start resting.
Your magical contamination has completely faded away.
You see here a worm corpse.
A kobold comes into view.
It is wielding a dagger of electrocution.
The kobold shouts!
You see here a helmet.
i - a helmet The kobold hits you with a dagger of electrocution.
You are electrocuted!
Ouch! That really hurt!
You die...

########.##.##
.######.#...## #.
.##.......)..# .
.##.###.#...###
.#.##.###........
...##..!.....#### #
#..#########.#
#.##K.# ##'## #..@..#
##...## ####.##
##.)...## #..##
##.......#
##...####%........
###.......+.....)...
#......####.........
#.#.##.###.........#
#..##.#.†...##.....##
#. #!.##..###...##


You could see a kobold.

Vanquished Creatures
  An ooze (D:1)
  A worm (D:2)
  A dart slug (D:1)
  4 leopard geckos
  7 bats
  3 giant cockroaches
  8 goblins
  10 hobgoblins
  A frilled lizard (D:1)
  4 kobolds
  2 rats
42 creatures vanquished.

Notes
Turn   | Place    | Note
-------+----------+-------------------------------------------
     0 | D:1      | RedPan the Mummy Fire Elementalist began the quest for the Orb.
     0 | D:1      | Reached XP level 1. HP: 13/13 MP: 4/4
   300 | D:1      | Reached skill level 1 in Conjurations
   531 | D:1      | Reached XP level 2. HP: 19/19 MP: 1/5
   792 | D:1      | Reached XP level 3. HP: 13/24 MP: 3/7
  1579 | D:2      | Learned a level 2 spell: Throw Flame
  1583 | D:2      | Learned a level 3 spell: Conjure Flame
  1773 | D:2      | Slain by a kobold

Vault maps used:
D:1:      dpeg_arrival_arbitrary_c
D:2:      grunt_temple_overflow_growth_and_decay, minmay_tromino_v7

Skill      XL: |  1  2  3 |
---------------+----------+-----
Conjurations   | 1 |  1.7
Spellcasting   | 3 |  3.3
Dodging        | 2 |  2.0
Fire Magic     | 3 |  3.0
Stealth        | |  1.5

Action                   || total
-------------------------++-------
Melee: Dagger            ||    11
 Cast: Flame Tongue      ||    81
Armor: Robe              ||     4
Dodge: Dodged            ||    22

Table legend:
 A = Spawn XP
 B = Non-spawn XP
 C = Spawn XP percentage of total XP
 D = Spawn monster count
 E = Non-spawn monster count
 F = Spawn count percentage of total count
 G = Total turns spent on level
                    A         B        C        D         E        F      G
               +---------+---------+-------+---------+---------+-------+---------
         Total |       0 |      88 |   0.0 |       0 |      42 |   0.0 |  1773
               +---------+---------+-------+---------+---------+-------+---------
           D:1 |       0 |      43 |   0.0 |       0 |      19 |   0.0 |  1083
           D:2 |       0 |      45 |   0.0 |       0 |      23 |   0.0 |   690
               +---------+---------+-------+---------+---------+-------+---------
